 Dungeon Crawl Stone Soup version 0.30.1-11-g7821555f0a (webtiles) character file.

Game seed: 1340405082379984127

63 booth the Chopper (level 3, -2/29 HPs)
             Began as a Demonspawn Monk on Nov 8, 2023.
             Slain by Crazy Yiuf
             ... wielding a +3 quarterstaff of chaos
              (13 damage)
             ... on level 2 of the Dungeon.
             The game lasted 00:07:05 (1355 turns).

booth the Chopper (Demonspawn Monk)                 Turns: 1355, Time: 00:07:06

Health: -2/29      AC:  5    Str: 13    XL:     3   Next: 87%
Magic:  3/3        EV: 12    Int: 11    God:
Gold:   163        SH:  0    Dex: 15    Spells: 2/2 levels left

rFire   . . .        a - +0 hand axe
rCold   . . .        d - orb {light}
rNeg    . . .        m - +0 leather armour
rPois   .            (no helmet)
rElec   .            h - +0 cloak
rCorr   .            (no gloves)
SInv    .            i - +0 pair of boots
Will    .....        (no amulet)
Stlth   +            (no ring)
HPRegen 0.24/turn    (no ring)
MPRegen 0.08/turn

%: no passive effects
@: glowing
A: powered by death 2
a: no special abilities


You were on level 2 of the Dungeon.
You visited 1 branch of the dungeon, and saw 2 of its levels.

You collected 163 gold pieces.

Inventory:

Hand Weapons
 a - a +0 hand axe (weapon)
 l - a +2 heavy war axe
Missiles
 n - 5 datura-tipped darts (quivered)
Armour
 d - an orb of light (worn)
 h - a +0 cloak (worn)
 i - a +0 pair of boots (worn)
 m - a +0 leather armour (worn)
Scrolls
 f - a scroll of amnesia
 g - a scroll of noise {unknown}
 k - a scroll of torment {unknown}
 o - a scroll of poison {unknown}
Potions
 b - a potion of heal wounds
 c - a potion of ambrosia
 e - a potion of flight
 j - a potion of mutation {unknown}


   Skills:
 + Level 3.5 Fighting
 * Level 3.6 Axes
 + Level 3.2 Dodging


You had 2 spell levels left.
You didn't know any spells.
Your spell library contained the following spells:

 Spells                   Type           Power      Damage    Failure   Level
 Freeze                   Ice            0%         1d3       41%         1
 Frozen Ramparts          Ice            0%         1d1       80%         3
 Hailstorm                Conj/Ice       0%         3d3       80%         3


Dungeon Overview and Level Annotations

Branches:
Dungeon (2/15)

Altars:
Xom

Annotations:
D:2 Crazy Yiuf


Innate Abilities, Weirdness & Mutations

You regenerate health from kills.


Message History

You kill the adder!
You feel sick.
You are no longer poisoned.
You see here an adder corpse.
You open the door.
Found a bubbling green potion.
There is an open door here.
b - a bubbling green potion
Okay, then.
Found 9 gold pieces.
You now have 141 gold pieces (gained 9).
There is an open door here.
Found a spear.
There is an open door here.
You now have 147 gold pieces (gained 6).
You see here a +0 spear.
There is an open door here.
There is an open door here.
You see here a +0 club.
You now have 154 gold pieces (gained 7).
You now have 163 gold pieces (gained 9).
You see here a +0 whip.
o - a scroll of identify
As you read the scroll of identify, it crumbles to dust.
b - a potion of heal wounds
n - 5 datura-tipped darts (gained 1)
You see here a +0 dagger.
o - a scroll labelled BOL JIL BER
There is a stone staircase leading up here.
You see here a bat skeleton.
There is an open door here.
Crazy Yiuf shouts!
You open the door.
Crazy Yiuf zaps a wand.
The bolt of light misses you.
Crazy Yiuf hits you with a +3 quarterstaff of chaos.
Crazy Yiuf freezes you.
There is an open translucent door, spattered with blood here.
You barely miss Crazy Yiuf.
Crazy Yiuf hits you with a +3 quarterstaff of chaos!
You are electrocuted!
You die...

....###.#
#....#
.##รท#...#
#P...#
.##.#.####
#...##
.##.#..[.###
##.##
.##.####)#.#
#.##
.##........#
##.#
..........>#
#.##
.##........#
##.#
###........#
#@#
####.......#
#.g.#
.....).###.#
#...#
######.# #.#
#..)# #.#
#.# #####
#.###.#
#..<#.####
##....##.# #
#.##.##.#


You could see Crazy Yiuf.

Vanquished Creatures
  2 adders (D:2)
  2 worms (D:2)
  An orc (D:2)
  7 ball pythons
  3 endoplasms
  3 goblins
  4 hobgoblins
  2 quokkas
  3 bats (D:2)
  3 frilled lizards (D:1)
  4 kobolds
  2 rats
36 creatures vanquished.

Notes
Turn   | Place    | Note
-------+----------+-------------------------------------------
     0 | D:1      | booth the Demonspawn Monk began the quest for the Orb.
     0 | D:1      | Reached XP level 1. HP: 18/18 MP: 1/1
   181 | D:1      | Gained mutation: You regenerate a little health from kills.
                  | [demonic ancestry]
   181 | D:1      | Reached XP level 2. HP: 24/24 MP: 2/2
   783 | D:2      | Found a shimmering altar of Xom.
   827 | D:2      | Gained mutation: You regenerate health from kills. [demonic
                  | ancestry]
   827 | D:2      | Reached XP level 3. HP: 23/29 MP: 3/3
   981 | D:2      | Found a runed translucent door.
   982 | D:2      | Noticed Crazy Yiuf
  1355 | D:2      | Slain by Crazy Yiuf

Illustrated notes

Levels and vault maps discovered:
D:1:      eino_arrival_water_star, layout_basic, minmay_misc_feat_ornament
D:2:      layout_basic, basic_altar, minmay_misc_feat_doors,
          uniq_crazy_yiuf_cottage

Skill      XL: |  1  2 |
---------------+-------+-----
Axes           | 3 |  3.6
Dodging        | 3 |  3.2
Fighting       | |  3.5

Action                     || total
---------------------------++-------
  Melee: Hand axe          ||   103
  Throw: Dart              ||     1
    Use: Scroll            ||     4
         Potion            ||     1
 Armour: Robe              ||    12
         Leather armour    ||    10
  Dodge: Dodged            ||    68
